 Dungeon Crawl Stone Soup version 0.27-a0-1416-g941b2bd30b (webtiles) character file.

Game seed: 14770740651794678940

596 Brandom the Skirmisher (level 7, -1/48 HPs)
             Began as an Octopode Transmuter on July 1, 2021.
             Was a Follower of Dithmenos.
             Killed from afar by an orc wizard (9 damage)
             ... with a magic dart
             ... on level 3 of the Dungeon.
             The game lasted 00:10:46 (3866 turns).

Brandom the Skirmisher (Octopode Transmuter)        Turns: 3866, Time: 00:10:47

Health: -1/48      AC:  1    Str:  9    XL:     7   Next: 40%
Magic:  11/11      EV: 14    Int: 18    God:    Dithmenos [*.....]
Gold:   62         SH:  0    Dex: 12    Spells: 6/12 levels left

rFire    . . .     SeeInvis .     - Unarmed
rCold    . . .     Faith    .   (no shield)
rNeg     + . .     Spirit   .   (helmet restricted)
rPois    +         Reflect  .   e - amulet of magic regeneration
rElec    .         Harm     .   a - ring of positive energy
rCorr    .         Rampage  .   q - ring of poison resistance
Will     .....                  (no ring)
Stlth    ++++......             (no ring)
HPRegen  0.16/turn              (no ring)
MPRegen  0.37/turn              (no ring)
                                (no ring)
                                (no ring)

@: wreathed by umbra
A: almost no armour, amphibious, 8 rings, camouflage 1, gelatinous body 1,
(nimble swimmer 1), tentacles
a: Renounce Religion


You were on level 3 of the Dungeon.
You worshipped Dithmenos.
Dithmenos was aware of your devotion.
You visited 1 branch of the dungeon, and saw 5 of its levels.
You also visited: Sewer.

You collected 62 gold pieces.

Inventory:

Missiles
 i - 2 silver javelins (quivered)
Armour
 g - a +1 hat
   (You found it on level 3 of the Dungeon)
Jewellery
 a - a ring of positive energy (left tentacle)
   (You found it on level 1 of the Dungeon)
 e - an amulet of magic regeneration (around mantle)
   (You found it on level 4 of the Dungeon)
 h - a ring of fire
   (You found it on level 3 of the Dungeon)
 q - a ring of poison resistance (right tentacle)
   (You found it on level 4 of the Dungeon)
Scrolls
 b - a scroll of fear {unknown}
 d - a scroll of enchant weapon {unknown}
 j - a scroll of holy word {unknown}
 m - a scroll of teleportation {unknown}
 o - a scroll of enchant armour {unknown}
Potions
 c - 2 potions of lignification {unknown}
 f - 2 potions of resistance {unknown}
 k - 2 potions of attraction {unknown}
 l - a potion of invisibility {unknown}
 n - a potion of heal wounds {unknown}
 p - a potion of ambrosia {unknown}


   Skills:
 * Level 4.1 Fighting
 + Level 3.4 Dodging
 + Level 3.6 Stealth
 + Level 4.1 Unarmed Combat
 + Level 3.2 Spellcasting
 + Level 3.4 Transmutations
 + Level 0.2 Poison Magic


You had 6 spell levels left.
You knew the following spells:

 Your Spells              Type           Power      Damage    Failure   Level
a - Beastly Appendage     Tmut           30%        N/A       3%          1
b - Wereblood             Tmut           15%        N/A       6%          2
x - Spider Form           Tmut/Pois      4%         N/A       22%         3

Your spell library contained the following spells:

 Spells                   Type           Power      Damage    Failure   Level
 Freeze                   Ice            8%         1d3       16%         1
 Slow                     Hex            2%         N/A       24%         2
 Confusing Touch          Hex            2%         N/A       43%         3
 Frozen Ramparts          Ice            4%         1d2       43%         3
 Ice Form                 Ice/Tmut       9%         N/A       61%         4
 Hailstorm                Conj/Ice       2%         3d3       85%         4
 Yara's Violent Unravell  Hex/Tmut       4%         3d4       91%         5


Dungeon Overview and Level Annotations

Branches:
Dungeon (5/15)              Sewer (visited)
 Temple: D:4-7

Altars:
Dithmenos

Annotations:
D:3 1 transporter, 1 runed translucent door


Innate Abilities, Weirdness & Mutations

You cannot wear most types of armour.
You are amphibious.
You can wear up to eight rings at the same time.
Your skin changes colour to match your surroundings (Stealth+).
Your rubbery body absorbs attacks. (AC +1, EV +1)
((You are camouflaged near water. (Stealth+)))
You have tentacles for arms and can constrict up to eight enemies at once.


Message History

Something hits you.
You tentacle-slap something. Something hits you.
Something hits you but does no damage.
You tentacle-slap something. Dithmenos accepts your kill.
Reactivating autopickup.
You feel a bit more experienced. Something hits you.
Deactivating autopickup; reactivate with Ctrl-A.
You're too confused to move!
Something hits you.
* * * LOW HITPOINT WARNING * * *
You barely miss something. Something hits you.
* * * LOW HITPOINT WARNING * * *
Unknown command.
Something hits you.
* * * LOW HITPOINT WARNING * * *
Things that are here:
a +0 falchion; an adder corpse; an orc corpse You miss something.
Unknown command.
You miss something. Your squeeze misses something. Something hits you.
* * * LOW HITPOINT WARNING * * *
You bump into the rock wall.
You feel less confused. Something hits you.
* * * LOW HITPOINT WARNING * * *
Unknown command.
You closely miss something. You squeeze something. Something hits you.
* * * LOW HITPOINT WARNING * * *
You tentacle-slap something. Something hits you.
* * * LOW HITPOINT WARNING * * *
You barely miss something. Something hits you but does no damage.
You tentacle-slap something but do no damage.
Something hits you.
* * * LOW HITPOINT WARNING * * *
You tentacle-slap something.
You hear some strange, mumbled words.
Something tries to affect you, but you resist.
You tentacle-slap something. Your squeeze misses something.
You hear some strange, mumbled words.
A magic dart appears from out of thin air!
The magic dart hits you!
You die...

....###+
....... .
.....# ..
....# ...
...#
....##..#
#.....#
#...{@#
+...)>#
#...###
#... #..
#.. #. #.


There were no monsters in sight!

Vanquished Creatures
  Purgy (Sewer)
  2 necrophages
  An ogre (D:4)
  A water moccasin zombie (D:5)
  A bullfrog skeleton (D:5)
  A scorpion zombie (D:5)
  An orc wizard (D:3)
  A hound skeleton (D:5)
  A howler monkey zombie (D:5)
  3 adders
  2 worms
  4 dart slugs
  2 orcs
  4 endoplasms (D:1)
  A giant cockroach (D:3)
  5 goblins
  3 hobgoblins
  10 jackals
  4 quokkas
  4 ball pythons
  3 bats
  5 frilled lizards
  6 kobolds
  3 rats
69 creatures vanquished.

Notes
Turn   | Place    | Note
-------+----------+-------------------------------------------
     0 | D:1      | Brandom the Octopode Transmuter began the quest for the
                  | Orb.
     0 | D:1      | Reached XP level 1. HP: 13/13 MP: 3/3
   437 | D:1      | Reached XP level 2. HP: 6/18 MP: 5/5
  1049 | D:1      | Reached XP level 3. HP: 24/24 MP: 6/6
  1199 | D:1      | Found a faded altar of an unknown god.
  1217 | D:1      | Became a worshipper of Dithmenos the Shadowed
  1217 | D:1      | Reached * piety under Dithmenos
  1499 | D:1      | Reached skill level 1 in Stealth
  2261 | D:3      | Reached XP level 4. HP: 21/29 MP: 7/7
  2283 | D:3      | Learned a level 2 spell: Wereblood
  2441 | D:3      | Found a transporter.
  2442 | D:3      | You fall into a shaft and drop 2 floors!
  2442 | D:5      | Entered Level 5 of the Dungeon
  2443 | D:5      | Noticed a scorpion
  2472 | D:5      | Reached XP level 5. HP: 30/35 MP: 6/8
  2542 | D:5      | Noticed a necrophage
  2568 | D:5      | Killed a necrophage
  2569 | D:5      | Reached XP level 6. HP: 34/42 MP: 8/10
  2860 | D:4      | Noticed a necrophage
  2868 | D:4      | Killed a necrophage
  2889 | D:4      | Found a glowing drain.
  2904 | Sewer    | Entered a sewer
  3149 | Sewer    | Noticed Purgy
  3161 | Sewer    | Killed Purgy
  3162 | Sewer    | Reached XP level 7. HP: 15/47 MP: 9/11
  3741 | D:4      | Learned a level 3 spell: Spider Form
  3857 | D:3      | Found a runed translucent gate.
  3866 | D:3      | Killed from afar by an orc wizard

Illustrated notes

Levels and vault maps discovered:
D:1:      sevenhm_arrival_forest_fort_large_2, layout_loops_ring,
          chequers_ecumenical_altar_island, chequers_avenue
D:2:      layout_rooms
D:3:      gammafunk_steamed_eel, layout_basic, gammafunk_ghost_icy,
          serial_shops, shop_fountains
D:4:      layout_basic, minmay_temple_entry_sparse_star,
          cheibrodos_sewer_entry_bend
D:5:      layout_basic, serial_undead, serial_undead_c, serial_undead_a,
          serial_undead_c, serial_undead_b, serial_undead_d,
          sigmund_edmund_badplayer, uniq_prince_ribbit1, uniq_blork_the_orc

Skill      XL: |  1  2  3  4  5  6  7 |
---------------+----------------------+-----
Fighting       | 2 3 4 |  4.1
Stealth        | 1 2 3 |  3.6
Dodging        | 3 |  3.4
Transmutations | 3 |  3.4
Unarmed Combat | 4 |  4.1
Spellcasting   | 3 |  3.2
Poison Magic   | |  0.2

Action                   |  1- 3 |  4- 6 |  7- 9 || total
-------------------------+-------+-------+-------++-------
Melee: Unarmed           |   101 |    66 |    45 ||   212
       Constrict         |    24 |    10 |     7 ||    41
       Tentacles         |    18 |    17 |     6 ||    41
       Punch             |     1 |     2 |     1 ||     4
       Kick              |       |     8 |     4 ||    12
 Cast: Beastly Appendage |       |     4 |     2 ||     6
       Wereblood         |       |       |     1 ||     1
 Stab: Sleeping          |     8 |     7 |       ||    15
Armor: Skin              |     7 |     4 |     2 ||    13
Dodge: Dodged            |    66 |    46 |    19 ||   131

Table legend: (Time is in decaauts)
 A = Elapsed time spent in this place.
 B = Non-inter-level travel time spent in this place.
 C = Inter-level travel time spent in this place.
 D = Time resting spent in this place.
 E = Time spent auto-exploring this place.
 F = Levels seen in this place.
 G = Mean time per level.
                   A        B        C        D        E       F      G
               +--------+--------+--------+--------+--------+-----+--------+
         Total |   3851 |   3758 |     93 |    544 |   2558 |   6 |  641.8 |
       Dungeon |   3382 |   3289 |     93 |    485 |   2251 |   5 |  676.4 |
         Sewer |    468 |    468 |      0 |     59 |    307 |   1 |  468.0 |
               +--------+--------+--------+--------+--------+-----+--------+

Top non-repeatable levels by time:
     D:1: 1718 daAuts
     D:4: 563 daAuts
     D:2: 500 daAuts
   Sewer: 468 daAuts
     D:5: 359 daAuts
     D:3: 240 daAuts
